 Dungeon Crawl Stone Soup version 0.19-a0-1107-gc676ff4 (webtiles) character file.

18 AlphabetPasta the Grasshopper (level 2, 0/19 HPs)
             Began as a Halfling Warper on Aug 9, 2016.
             Succumbed to an adder's poison
             ... on level 2 of the Dungeon.
             The game lasted 00:05:26 (635 turns).

AlphabetPasta the Grasshopper (Halfling Warper)      Turns: 635, Time: 00:05:27

Health: 0/19       AC:  3    Str: 11    XL:     2   Next: 85%
Magic:  3/4        EV: 20    Int: 12    God:    Xom [..*...]
Gold:   58         SH:  0    Dex: 18    Spells: 2 memorised, 1 level left

rFire  . . .     SeeInvis .     a - +0 short sword
rCold  . . .     Gourm    .     b - +0 leather armour
rNeg   . . .     Faith    .     (shield restricted)
rPois  .         Spirit   .     (no helmet)
rElec  .         Dismiss  .     (no cloak)
rCorr  .         Reflect  .     (no gloves)
SustAt .         Harm     .     (no boots)
MR     .....                    (no amulet)
Stlth  ++........               (no ring)
                                (no ring)

@: agile, lethally poisoned (0 -> -3), flying
A: mutation resistance 1
a: Renounce Religion


You were on level 2 of the Dungeon.
You worshipped Xom.
You were a toy of Xom.
You were not hungry.

You visited 1 branch of the dungeon, and saw 2 of its levels.

You collected 58 gold pieces.

Inventory:

Hand Weapons
 a - a +0 short sword (weapon)
Missiles
 e - 5 tomahawks of dispersal (quivered)
Armour
 b - a +0 leather armour (worn)
Jewellery
 i - an uncursed ring of see invisible {unknown}
 u - an uncursed ring of fire {unknown}
Scrolls
 d - 2 scrolls of blinking
 g - a scroll of amnesia {unknown}
 h - 4 scrolls of fog {unknown}
 j - 2 scrolls of teleportation {unknown}
 l - a scroll of remove curse {unknown}
 p - a scroll of recharging {unknown}
 q - 2 scrolls of identify {unknown}
 s - a scroll of noise {unknown}
Books
 c - a book of Spatial Translocations

   Spells                             Type                      Level
   a - Apportation                    Translocation                1
   b - Blink                          Translocation                2
   c - Shroud of Golubria             Charms/Translocation         2
   d - Portal Projectile              Translocation                3
   e - Teleport Other                 Translocation                3
   f - Passage of Golubria            Translocation                4
Comestibles
 f - 3 bread rations
 m - 2 meat rations
 n - 5 fruits
 t - 4 chunks of flesh
 v - a beef jerky


   Skills:
 + Level 1.8 Fighting
 + Level 2.8 Short Blades
 - Level 1.1 Throwing
 + Level 1.4 Armour
 + Level 2.5 Dodging
 + Level 0.2 Stealth
 + Level 1.8 Spellcasting
 + Level 3.5 Translocations


You had one spell level left.
You knew the following spells:

 Your Spells              Type           Power        Failure   Level  Hunger
a - Apportation           Tloc           #.........   12%         1    ##.....
b - Blink                 Tloc           N/A          17%         2    ###....


Dungeon Overview and Level Annotations

Branches:
Dungeon (2/15)

Altars:
Xom


Innate Abilities, Weirdness & Mutations

You are small and have problems with some larger weapons.
You are somewhat resistant to further mutation.


Message History

You feel very buoyant.
You fly up into the air.
The adder misses you.
It was a potion of magic.
Magic courses through your body.
* * * LOW HITPOINT WARNING * * *
You feel sick. The adder misses you. The adder closely misses you.
Cast which spell? (? or * to list)
You blink.
* * * LOW HITPOINT WARNING * * *
You feel sick.
Found 14 bolts.
* * * LOW HITPOINT WARNING * * *
You feel sick.
* * * LOW HITPOINT WARNING * * *
You feel sick.
* * * LOW HITPOINT WARNING * * *
You feel sick.
* * * LOW HITPOINT WARNING * * *
You feel sick.
You die...
Xom is highly amused!

........ ...........
........... ...........
........... .........(
........ ##
.....##############...#
.............S..@.....#
....###############...#
........ .# ########


You could see an adder.

Vanquished Creatures
  6 bats
  A giant cockroach (D:1)
  3 goblins
  3 hobgoblins
  4 rats (D:1)
17 creatures vanquished.

Notes
Turn   | Place    | Note
-------+----------+-------------------------------------------
     0 | D:1      | AlphabetPasta the Halfling Warper began the quest for the Orb.
     0 | D:1      | Reached XP level 1. HP: 14/14 MP: 3/3
    96 | D:1      | Reached XP level 2. HP: 14/19 MP: 4/4
   100 | D:1      | Learned a level 2 spell: Blink
   549 | D:2      | Found a faded altar of an unknown god.
   555 | D:2      | Became a worshipper of Xom of Chaos
   635 | D:2      | Succumbed to an adder's poison

Vault maps used:
D:1:      zelgadis_glass_arrival_small, minmay_tetromino_s2
D:2:      ecumenical_altar_1

Action                   || total
-------------------------++-------
Melee: Short sword       ||    92
 Cast: Blink             ||     1
  Use: Potion            ||     4
Armor: Leather armour    ||    19
Dodge: Dodged            ||    81
